 Dungeon Crawl Stone Soup version 0.30-a0-360-g447f08457e (webtiles) character file.

Game seed: 9876271911993546406

4866 oldriver the Thaumaturge (level 10, -6/77 HPs)
             Began as a Mummy Necromancer on Nov 14, 2022.
             Was an Initiate of Hepliaklqana.
             Shot with an arrow by a centaur warrior (21 damage)
             ... on level 8 of the Dungeon.
             The game lasted 00:15:06 (8746 turns).

oldriver the Thaumaturge (Mummy Necromancer)        Turns: 8746, Time: 00:15:06

Health: -6/77      AC:  5    Str:  7    XL:     10   Next: 26%
Magic:  2/24       EV: 15    Int: 16    God:    Hepliaklqana [......]
Gold:   377        SH:  4    Dex: 20    Spells: 21/29 levels left

rFire   . . .      SeeInvis .    l - +5 sling (vorpal)
rCold   + . .      Faith    +    g - +0 buckler
rNeg    + + +      Spirit   .    i - +1 leather armour {rF+}
rPois   ∞          Reflect  .    (no helmet)
rElec   .          Harm     .    (no cloak)
rCorr   +          Rampage  .    p - +0 pair of gloves
Will    +....                    (no boots)
Stlth   ++........               (no amulet)
HPRegen 0.32/turn                f - ring of resist corrosion
MPRegen 0.19/turn                k - ring of Pyraos {rCorr EV+4 Str-5 Int-2 Dex+7}

@: animating dead
A: cold resistance 1, negative energy resistance 3, torment resistance 2, heat
vulnerability 1, in touch with death 1, no potions, faith
a: Renounce Religion


You were on level 8 of the Dungeon.
You worshipped Hepliaklqana.
Hepliaklqana was noncommittal.
You visited 2 branches of the dungeon, and saw 9 of its levels.

You collected 377 gold pieces.

Inventory:

Hand Weapons
 l - a +5 vorpal sling (weapon)
Armour
 g - a +0 buckler (worn)
 i - a +1 leather armour of fire resistance (worn)
 o - the +1 robe of Bidiomice {rCorr SInv}
   (You found it on level 7 of the Dungeon)

   SInv:      It lets you see invisible.
   rCorr:     It protects you from acid and corrosion.
 p - a +0 pair of gloves (worn)
Jewellery
 f - a ring of resist corrosion (left hand)
 k - the ring of Pyraos (right hand) {rCorr EV+4 Str-5 Int-2 Dex+7}
   (You found it on level 4 of the Dungeon)

   [ring of evasion]

   EV:        It affects your evasion (+4).
   Str:       It affects your strength (-5).
   Int:       It affects your intelligence (-2).
   Dex:       It affects your dexterity (+7).
   rCorr:     It protects you from acid and corrosion.
Wands
 c - a wand of flame (11)
Scrolls
 a - a scroll of silence
 b - a scroll of blinking
 d - 5 scrolls of teleportation
 e - 2 scrolls of fear
 h - a scroll of vulnerability
 j - 3 scrolls of magic mapping
 m - a scroll of summoning
 n - a scroll of fog
 q - a scroll of amnesia {unknown}


   Skills:
 + Level 6.5 Fighting
 * Level 7.0 Ranged Weapons
 - Level 1.5 Dodging
 - Level 1.5 Stealth
 + Level 10.3 Spellcasting
 + Level 7.9 Necromancy


You had 21 spell levels left.
You knew the following spells:

 Your Spells              Type           Power      Damage    Failure   Level
a - Necrotise             Necr           100%       1d9       1%          1
b - Vampiric Draining     Necr           50%        2d9       2%          3
c - Animate Dead          Necr           50%        N/A       7%          4

Your spell library contained the following spells:

 Spells                   Type           Power      Damage    Failure   Level
 Sandblast                Erth           16%        2d6       19%         1
 Agony                    Necr           50%        N/A       21%         5
 Passwall                 Tmut/Erth      6%         N/A       26%         2
 Stone Arrow              Conj/Erth      16%        3d8       47%         3
 Summon Guardian Golem    Hex/Summ       8%         N/A       47%         3
 Cause Fear               Hex            4%         N/A       87%         4
 Orb of Destruction       Conj           4%         9d5       100%        7
 Spellforged Servitor     Conj/Summ      4%         N/A       100%        7
 Dragon's Call            Summ           4%         N/A       100%        9
 Dragon Form              Tmut           Unusable   N/A       N/A         7

Dungeon Overview and Level Annotations

Branches:
Dungeon (8/15)             Temple (1/1) D:5
   Lair: D:8-11

Altars:
Ashenzari
Dithmenos
Fedhas
Gozag
Hepliaklqana
Kikubaaqudgha
Nemelex Xobeh
Okawaru
Qazlal
Sif Muna
Trog
Uskayaw
Vehumet
Wu Jian
Xom

Annotations:
D:3 2 transporters, baller8008's ghost, amateur HOFi


Innate Abilities, Weirdness & Mutations

You are immune to poison.
Your flesh is cold resistant. (rC+)
You are immune to negative energy. (rN+++)
You are immune to unholy pain and torment.
You are vulnerable to heat. (rF-)
You are in touch with the powers of death.
You do not drink.
You have a special connection with the divine. (Faith)


Message History

Your orc priest zombie is destroyed!
The centaur warrior unwields a +0 longbow.
The centaur warrior wields a +0 dagger.
The centaur warrior hits your orc zombie with a +0 dagger.
The centaur warrior kicks your orc zombie.
Your orc zombie barely misses the centaur warrior.
What are your orders? t - Shout!
Orders for allies: a - Attack new target. p - Attack previous target. r - Retreat! s - Stop attacking. g - Guard the area. f - Follow me.
Anything else - Cancel.
Gang up on whom?
Press: ? - help, Dir - move target, f/p - centaur warrior
Aim: a centaur warrior, wielding a +0 dagger and wearing a +0 robe (ally target) Attack!
The centaur warrior unwields a +0 dagger.
The centaur warrior wields a +0 longbow.
The centaur warrior shoots an arrow.
The arrow barely misses your orc wizard zombie.
The arrow closely misses you.
Your orc zombie hits the centaur warrior but does no damage.
The centaur warrior shoots an arrow.
The arrow hits your orc wizard zombie!
The centaur warrior shoots an arrow.
The arrow hits your orc wizard zombie!
Your orc wizard zombie is destroyed!
Your orc zombie hits the centaur warrior.
The centaur warrior shoots an arrow.
The arrow hits your orc zombie!!
Your orc zombie is destroyed!
You feel a surge of power!
The centaur warrior writhes in agony.
The centaur warrior shoots an arrow.
The arrow hits you!
Your orc zombie completely misses the centaur warrior.
Something hits your orc zombie!
Your orc zombie is destroyed!
There is a stone staircase leading up here.
The centaur warrior unwields a +0 dagger.
The centaur warrior wields a +0 longbow.
The centaur warrior shoots an arrow.
The arrow hits you!!
* * * LOW HITPOINT WARNING * * *
The centaur warrior shoots an arrow.
The arrow hits you!!
You die...

##. # .# . .. ..
# . .##.#....
....#..#
###...#..##.
........[. .
#.......# ..
#..)....##..
...##)@)......##
#......)........#
#......#......#.#
#......##......#
##........)...##
##....##c....##
##...........#
#..........##
#..<....$..#


You could see a centaur warrior.

Vanquished Creatures
  A two-headed ogre (D:7)
  A cyclops (D:7)
  Grinder (D:6)
  Eustachio (D:6)
  Edmund (D:4)
  2 sky beasts (D:7)
  Duvessa (D:5)
  4 ice beasts (D:7)
  2 black bears
  An orc warrior (D:8)
  3 ogres (D:5)
  3 centaurs
  2 phantoms (D:4)
  4 kobold brigands
  2 scorpions
  4 bullfrogs
  2 wights
  Dowan (D:5)
  3 killer bees
  4 howler monkeys
  4 jellies
  2 hounds
  4 orc priests
  An iguana (D:4)
  Natasha (thrice) (D:4)
  5 orc wizards
  4 gnolls
  6 adders
  2 shadow imps
  A white imp (D:6)
  4 worms
  29 orcs
  9 endoplasms
  7 giant cockroaches
  10 goblins
  9 hobgoblins
  2 jackals
  17 kobolds
  A quokka (D:3)
  6 ball pythons
  6 bats
  2 frilled lizards (D:1)
  11 rats
188 creatures vanquished.

Vanquished Creatures (collateral kills)
  A dart slug (D:1)
  An orc (D:8)
  A hobgoblin (D:1)
  A quokka (D:3)
4 creatures vanquished.

Vanquished Creatures (others)
  A killer bee zombie (D:8)
  4 orc zombies (D:8)
5 creatures vanquished.

Grand Total: 197 creatures vanquished

Notes
Turn   | Place    | Note
-------+----------+-------------------------------------------
     0 | D:1      | oldriver the Mummy Necromancer began the quest for the Orb.
     0 | D:1      | Reached XP level 1. HP: 13/13 MP: 4/4
   207 | D:1      | Reached skill level 3 in Spellcasting
   211 | D:1      | Reached XP level 2. HP: 20/20 MP: 0/6
   609 | D:1      | Reached skill level 1 in Fighting
  1070 | D:2      | Found a blossoming altar of Fedhas.
  1270 | D:2      | Gained mutation: You are in touch with the powers of death.
                  | [Mummy growth]
  1270 | D:2      | Reached XP level 3. HP: 26/26 MP: 6/8
  1327 | D:2      | Learned a level 3 spell: Vampiric Draining
  1503 | D:2      | Reached skill level 4 in Spellcasting
  2163 | D:3      | Reached XP level 4. HP: 32/32 MP: 7/10
  2402 | D:3      | Found a sparkling altar of Nemelex Xobeh.
  2511 | D:3      | HP: 1/33 [gnoll/+0 club (3)]
  2869 | D:3      | Found a transporter.
  2869 | D:3      | Noticed baller8008's ghost (amateur HOFi)
  2870 | D:3      | Identified the +4 dire flail "Doam" {speed, Dex+2}
  2870 | D:3      | Noticed an ogre
  2983 | D:3      | Reached skill level 5 in Spellcasting
  2983 | D:3      | Reached XP level 5. HP: 36/38 MP: 6/12
  3587 | D:3      | Found a transporter.
  3762 | D:4      | Learned a level 4 spell: Animate Dead
  3828 | D:4      | Noticed Natasha
  3829 | D:4      | Noticed a phantom
  3831 | D:4      | Killed Natasha
  3832 | D:4      | Reached skill level 5 in Necromancy
  3832 | D:4      | Reached XP level 6. HP: 46/46 MP: 14/14
  3847 | D:4      | Reached skill level 1 in Ranged Weapons
  3960 | D:4      | Reached skill level 6 in Spellcasting
  4111 | D:4      | Identified the ring of Pyraos {rCorr EV+4 Str-5 Int-2
                  | Dex+7}
  4627 | D:5      | Entered Level 5 of the Dungeon
  4633 | D:5      | Reached XP level 7. HP: 52/52 MP: 9/16
  4764 | D:4      | Noticed Natasha
  4767 | D:4      | Killed Natasha
  4791 | D:4      | Noticed Natasha
  4797 | D:4      | Killed Natasha
  4798 | D:4      | Reached skill level 7 in Spellcasting
  4927 | D:5      | Noticed Edmund
  4957 | D:4      | Killed Edmund
  4958 | D:4      | Reached XP level 8. HP: 28/60 MP: 2/19
  5148 | D:5      | Found a staircase to the Ecumenical Temple.
  5172 | Temple   | Entered the Ecumenical Temple
  5172 | Temple   | Found a transporter.
  5172 | Temple   | Found a transporter.
  5174 | Temple   | Found a transporter.
  5174 | Temple   | Found a transporter.
  5271 | D:5      | Reached skill level 8 in Spellcasting
  5367 | D:5      | Noticed Duvessa
  5370 | D:5      | Noticed Dowan
  5375 | D:5      | Killed Duvessa
  5385 | D:5      | Killed Dowan
  5714 | D:5      | Found an iron altar of Okawaru.
  5778 | D:6      | Noticed Eustachio
  5785 | D:6      | Killed Eustachio
  6677 | D:6      | Noticed Grinder
  6711 | D:6      | Paralysed by Grinder for 3 turns
  6719 | D:6      | Killed Grinder
  6720 | D:6      | Reached skill level 5 in Fighting
  6720 | D:6      | Reached skill level 9 in Spellcasting
  6720 | D:6      | Reached XP level 9. HP: 65/68 MP: 20/22
  6908 | D:7      | Noticed a two-headed ogre
  6920 | D:7      | Killed a two-headed ogre
  6921 | D:7      | Reached skill level 5 in Ranged Weapons
  7090 | D:7      | Found a hazy altar of Hepliaklqana.
  7169 | D:7      | Became a worshipper of Hepliaklqana the Forgotten
  7288 | D:7      | Identified the +1 robe of Bidiomice {rCorr SInv}
  7730 | D:8      | Noticed a centaur warrior
  8096 | D:8      | Reached skill level 10 in Spellcasting
  8127 | D:7      | Reached XP level 10. HP: 39/76 MP: 2/24
  8270 | D:8      | Identified the +0 plate armour of Shadows and Fog {rPois
                  | rC++ rN+ Dex-4}
  8275 | D:8      | Noticed a deep elf pyromancer
  8396 | D:8      | Noticed a cyclops
  8460 | D:7      | Killed a cyclops
  8746 | D:8      | Shot with an arrow by a centaur warrior

Illustrated notes

Levels and vault maps discovered:
D:1:      spicycebolla_green_bress_n_ham, layout_basic
D:2:      layout_basic, basic_altar, grunt_ministairs_2, minmay_circle_x
D:3:      layout_rooms, nemelex_xobeh_ov_fountains_minmay,
          gammafunk_ghost_smash, minmay_bisected
D:4:      corexii_shack_village, layout_cave_pods,
          chequers_hall_statues_corner_a, uniq_natasha
D:5:      layout_rooms, kennysheep_mini, minmay_temple_entry_offerings,
          nrook_mini_backslash, interstate_on_off, grunt_ministairs_2,
          uniq_duvessa, uniq_edmund
D:6:      layout_layer_cave, serial_glass, glass_columns_b, glass_columns_b,
          uniq_grinder, uniq_eustachio
D:7:      layout_cave_pools, mainiacjoe_overflow_six_doors_small
D:8:      minmay_the_grid_octo_tiled_octocenter
          [minmay_the_grid_octo_fan_narrow, minmay_the_grid_octo_checkerflower,
          minmay_the_grid_octo_concentric, minmay_the_grid_octo_checkered,
          minmay_the_grid_octo_prize_star,
          minmay_the_grid_square_5x5_beaten_path,
          minmay_the_grid_square_5x5_checkered_sparse,
          minmay_the_grid_square_5x5_bridge,
          minmay_the_grid_square_5x5_one_wall], layout_cave_pools,
          mainiacjoe_overflow_catwalk, nicolae_ru_path_of_blood,
          nicolae_tso_besieged_by_evil, slow_altar_2, lair_entry_dummy,
          lightli_church_of_beogh
Temple:   hellmonk_temple_divided_pantheon

Skill      XL: |  1  2  3  4  5  6  7  8  9 10 |
---------------+-------------------------------+-----
Spellcasting   | 3 4 5 6 7 9 10 | 10.3
Fighting       | 1 2 3 5 6 |  6.5
Necromancy     | 5 6 7 |  7.9
Ranged Weapons | 1 3 4 6 7 |  7.0
Dodging        | |  1.5
Stealth        | |  1.5

Action                   |  1- 3 |  4- 6 |  7- 9 | 10-12 || total
-------------------------+-------+-------+-------+-------++-------
Melee: Unarmed           |    15 |       |       |       ||    15
       Short sword       |     3 |       |       |       ||     3
       Punch             |     1 |       |       |       ||     1
 Fire: Sling             |       |   111 |   222 |    24 ||   357
 Cast: Necrotise         |    99 |    26 |    25 |    13 ||   163
       Vampiric Draining |       |     9 |    40 |    28 ||    77
       Animate Dead      |       |       |     1 |     1 ||     2
  Use: Scroll            |       |    11 |     3 |       ||    14
Armor: Robe              |     7 |     4 |       |       ||    11
       Leather armour    |       |     6 |    17 |    15 ||    38
Dodge: Dodged            |    28 |    50 |   123 |    45 ||   246
Block: Buckler           |       |    11 |    36 |    17 ||    64

Table legend: (Time is in decaauts)
 A = Elapsed time spent in this place.
 B = Non-inter-level travel time spent in this place.
 C = Inter-level travel time spent in this place.
 D = Time resting spent in this place.
 E = Time spent auto-exploring this place.
 F = Levels seen in this place.
 G = Mean time per level.
                   A        B        C        D        E       F      G
               +--------+--------+--------+--------+--------+-----+--------+
         Total |   8884 |   8527 |    357 |   1562 |   5254 |   9 |  987.1 |
       Dungeon |   8831 |   8474 |    357 |   1562 |   5248 |   8 | 1103.9 |
        Temple |     52 |     52 |      0 |      0 |      6 |   1 |   52.0 |
               +--------+--------+--------+--------+--------+-----+--------+

Top non-repeatable levels by time:
     D:7: 1667 daAuts
     D:2: 1524 daAuts
     D:4: 1283 daAuts
     D:6: 1137 daAuts
     D:1: 1097 daAuts
     D:3: 1026 daAuts
     D:5: 886 daAuts
     D:8: 208 daAuts
  Temple: 52 daAuts
